 Dungeon Crawl Stone Soup version 0.29-a0-834-g1e95ca9f62 (webtiles) character file.

Game seed: 756971280951729855

339 Pooter the Chopper (level 6, -2/56 HPs)
             Began as a Minotaur Fighter on July 13, 2022.
             Slain by a hound (4 damage)
             ... on level 6 of the Dungeon.
             The game lasted 00:14:36 (3606 turns).

Pooter the Chopper (Minotaur Fighter)               Turns: 3606, Time: 00:14:37

Health: -2/56      AC:  4    Str: 22    XL:     6   Next: 29%
Magic:  5/5        EV: 10    Int:  9    God:
Gold:   191        SH:  4    Dex: 10    Spells: 5/5 levels left

rFire   . . .      SeeInvis .   b - +7 sling of Midev {speed, Int+4}
rCold   . . .      Faith    .   c - +0 buckler
rNeg    . . .      Spirit   .   w - +0 troll leather armour
rPois   .          Reflect  .   (helmet restricted)
rElec   .          Harm     .   (no cloak)
rCorr   .          Rampage  .   (no gloves)
Will    .....                   (no boots)
Stlth   ++........              (no amulet)
HPRegen 0.98/turn               (no ring)
MPRegen 0.09/turn               (no ring)

@: mighty, slowed, very slow
A: horns 2, retaliatory headbutt
a: no special abilities


You were on level 6 of the Dungeon.
You visited 1 branch of the dungeon, and saw 5 of its levels.

You collected 191 gold pieces.

Inventory:

Hand Weapons
 a - a +0 war axe
 b - the +7 sling of Midev (weapon) {speed, Int+4}
   (You found it on level 3 of the Dungeon)

   Attacks with this weapon are significantly faster.
   Int:       It affects your intelligence (+4).
Missiles
 u - 6 poisoned darts
 Q - 20 stones
Armour
 c - a +0 buckler (worn)
 o - a +0 scale mail
 w - a +0 troll leather armour (worn)
   (You found it on level 6 of the Dungeon)
Jewellery
 d - a ring of fire
   (You found it on level 3 of the Dungeon)
 x - a ring of ice
   (You found it on level 6 of the Dungeon)
Scrolls
 f - a scroll of blinking
 g - a scroll of enchant armour
 h - a scroll of vulnerability {!r}
 i - a scroll of teleportation {unknown}
 j - a scroll of magic mapping
 k - 3 scrolls of amnesia {unknown}
 l - a scroll of enchant weapon {unknown}
 t - a scroll of summoning {unknown}
Potions
 e - 2 potions of lignification {!q}
 m - a potion of cancellation {unknown}
 p - a potion of degeneration {unknown}
 q - a potion of magic {unknown}
 r - a potion of berserk rage {unknown}
 s - a potion of resistance {unknown}
 v - a potion of curing {unknown}


   Skills:
 + Level 5.1 Fighting
 * Level 5.6 Axes
 * Level 2.0 Ranged Weapons
 - Level 3.6 Armour
 + Level 2.4 Stealth
 - Level 3.6 Shields


You had 5 spell levels left.
You didn't know any spells.
Your spell library contained the following spells:

 Spells                   Type           Power      Damage    Failure   Level
 Foxfire                  Conj/Fire      0%         2x1d4     52%         1
 Flame Wave               Conj/Fire      0%         2d4       99%         4
 Irradiate                Conj/Tmut      0%         3d11      100%        5
 Iron Shot                Conj/Erth      0%         9d1       100%        6


Dungeon Overview and Level Annotations

Branches:
Dungeon (6/15)
 Temple: D:4-7

Altars:
Makhleb
Lugonu

Annotations:
D:4 2 runed translucent doors
D:6 Blork the orc


Innate Abilities, Weirdness & Mutations

You have a pair of horns on your head.
You reflexively headbutt those who attack you in melee.


Message History

You have difficulty breathing.
You feel as though you will be slow longer.
A kobold comes into view.
It is wielding a +0 club and quivering poisoned darts.
You see here a ring of ice.
x - a ring of ice You feel very sick.
The kobold shouts!
You hear a shout! x2
The kobold brigand throws a curare-tipped dart.
The curare-tipped dart barely misses you.
A hound comes into view.
You feel very sick.
Blork the orc comes into view.
He is wielding a +0 trident and carrying a wand of polymorph (10).
You feel sick.
The kobold brigand throws a curare-tipped dart.
The curare-tipped dart hits you.
You are more poisoned.
You have difficulty breathing.
* * * LOW HITPOINT WARNING * * *
You feel as though you will be slow longer.
The kobold brigand throws a curare-tipped dart.
The curare-tipped dart closely misses you.
The kobold throws a poisoned dart.
The poisoned dart barely misses you.
You feel very sick.
Blork the orc screams, "I'm much stronger than you!"
Unknown command.
You feel very sick.
The kobold brigand throws a curare-tipped dart.
The curare-tipped dart closely misses you.
The hound barks!
You feel very sick. The hound bites you.
* * * LOW HITPOINT WARNING * * *
Unknown command.
You feel very mighty all of a sudden.
You feel sick. The hound bites you.
* * * LOW HITPOINT WARNING * * *
The hound bites you.
* * * LOW HITPOINT WARNING * * *
The hound attacks as you move away! The hound bites you.
* * * LOW HITPOINT WARNING * * *
You feel sick. The hound bites you.
* * * LOW HITPOINT WARNING * * *
Unknown command.
Unknown command.
You feel sick. The hound bites you but does no damage.
The hound attacks as you move away! The hound bites you but does no damage.
You feel sick.
You are no longer poisoned.
The hound bites you.
You die...

##.>...........## #..
#...............# #..
#...............# ##..
#...............# #...
#...............#####...
#†...>..........##....##
#..........................
####...<..........#........
###....@......#.........
######h...............
#.####...........
#K.....#.........
##................
.########.o.....##.......>
...........#######........
...........# #########
#######....#


You could see Blork the orc, a kobold brigand and a hound.

Vanquished Creatures
  A scorpion (D:6)
  A hound (D:6)
  3 iron imps (D:3)
  2 orc wizards (D:3)
  4 gnolls (D:3)
  3 adders
  4 dart slugs
  3 orcs
  4 bats
  3 endoplasms
  A goblin (D:1)
  2 hobgoblins (D:1)
  4 jackals (D:2)
  A quokka (D:1)
  3 ball pythons
  A frilled lizard (D:2)
  4 kobolds
  5 rats
49 creatures vanquished.

Notes
Turn   | Place    | Note
-------+----------+-------------------------------------------
     0 | D:1      | Pooter the Minotaur Fighter began the quest for the Orb.
     0 | D:1      | Reached XP level 1. HP: 19/19 MP: 0/0
   410 | D:1      | Reached XP level 2. HP: 15/27 MP: 1/1
  1413 | D:2      | Reached skill level 1 in Stealth
  1449 | D:2      | Reached XP level 3. HP: 32/33 MP: 2/2
  1940 | D:2      | Found a faded altar of an unknown god.
  2268 | D:3      | Reached XP level 4. HP: 21/41 MP: 3/3
  2490 | D:3      | Found a burning altar of Makhleb.
  2688 | D:3      | Reached XP level 5. HP: 29/47 MP: 4/4
  2852 | D:3      | Identified the +7 sling of Midev {speed, Int+4}
  2857 | D:3      | Reached skill level 5 in Axes
  3190 | D:3      | Reached skill level 1 in Ranged Weapons
  3394 | D:4      | Got the Handbook of Hurting
  3436 | D:4      | Found a large runed translucent door.
  3436 | D:4      | Found a large runed translucent door.
  3440 | D:4      | Found a corrupted altar of Lugonu.
  3464 | D:4      | Reached skill level 5 in Fighting
  3471 | D:4      | You fall into a shaft and drop 2 floors!
  3476 | D:6      | Reached XP level 6. HP: 56/56 MP: 5/5
  3598 | D:6      | Noticed Blork the orc
  3604 | D:6      | HP: 2/56 [hound (2)]
  3606 | D:6      | Slain by a hound

Illustrated notes

Levels and vault maps discovered:
D:1:      heliophobic_arrival_glass_houses, layout_basic
D:2:      layout_basic, hellmonk_ecumenical_altar_leap_of_faith
D:3:      layout_rooms, demons_altar
D:4:      due_chaos_kobolds, layout_gridville, grunt_temple_overflow_diamond,
          minmay_quantized
D:6:      layout_rooms, kennysheep_nub, uniq_blork_the_orc

Skill      XL: |  1  2  3  4  5  6 |
---------------+-------------------+-----
Axes           | 3 4 5 |  5.6
Fighting       | 4 5 |  5.1
Stealth        | 1 2 |  2.4
Ranged Weapons | 1 2 |  2.0
Armour         | |  3.6
Shields        | |  3.6

Action                   |  1- 3 |  4- 6 || total
-------------------------+-------+-------++-------
Melee: War axe           |    74 |    28 ||   102
       Headbutt          |     3 |     2 ||     5
 Fire: Sling             |       |    28 ||    28
Throw: Stone             |     5 |       ||     5
  Use: Scroll            |     4 |     1 ||     5
       Potion            |     2 |     2 ||     4
Armor: Scale mail        |    31 |     9 ||    40
       Skin              |    20 |     7 ||    27
       Troll leather arm |       |     2 ||     2
Dodge: Dodged            |    34 |    15 ||    49
Block: Buckler           |    20 |     5 ||    25

Table legend: (Time is in decaauts)
 A = Elapsed time spent in this place.
 B = Non-inter-level travel time spent in this place.
 C = Inter-level travel time spent in this place.
 D = Time resting spent in this place.
 E = Time spent auto-exploring this place.
 F = Levels seen in this place.
 G = Mean time per level.
                   A        B        C        D        E       F      G
               +--------+--------+--------+--------+--------+-----+--------+
         Total |   3651 |   3560 |     91 |    738 |   2253 |   5 |  730.2 |
       Dungeon |   3651 |   3560 |     91 |    738 |   2253 |   5 |  730.2 |
               +--------+--------+--------+--------+--------+-----+--------+

Top non-repeatable levels by time:
     D:1: 1414 daAuts
     D:3: 1189 daAuts
     D:2: 809 daAuts
     D:6: 140 daAuts
     D:4: 98 daAuts
